 Dungeon Crawl Stone Soup version 0.30-a0-972-gf3ab3527aa (webtiles) character file.

Game seed: 18365338449363580149

65 retardedninja the Covered (level 3, -2/33 HPs)
             Began as an Armataur Fighter on Mar 31, 2023.
             Killed by divine providence
             ... invoked by an orc priest
              (14 damage)
             ... on level 3 of the Dungeon.
             The game lasted 00:01:55 (1716 turns).

retardedninja the Covered (Armataur Fighter)        Turns: 1716, Time: 00:01:56

Health: -2/33      AC:  7    Str: 21    XL:     3   Next: 92%
Magic:  3/3        EV:  7    Int:  8    God:
Gold:   122        SH:  4    Dex: 11    Spells: 2/2 levels left

rFire   . . .      SeeInvis +    a - +0 long sword
rCold   . . .      Faith    .    c - +0 buckler
rNeg    . . .      Spirit   .    b - +0 scale mail
rPois   .          Reflect  .    (no helmet)
rElec   .          Roll     +    (no cloak)
rCorr   .                        (no gloves)
Will    .....                    (no barding) Stlth
                                 (no amulet)
HPRegen 0.25/turn                i - ring of see invisible
MPRegen 0.08/turn                (no ring)

@: no status effects
A: large, rugged brown scales 3, deformed body, armoured tail, roll, long
tongue, awkward tongue
a: no special abilities


You were on level 3 of the Dungeon.
You visited 1 branch of the dungeon, and saw 3 of its levels.

You collected 122 gold pieces.

Inventory:

Hand Weapons
 a - a +0 long sword (weapon)
Armour
 b - a +0 scale mail (worn)
 c - a +0 buckler (worn)
Jewellery
 i - a ring of see invisible (left hand)
Wands
 k - a wand of digging (5)
Scrolls
 e - a scroll of silence {unknown}
 f - a scroll of torment {unknown}
 g - 4 scrolls of identify {unknown}
 h - a scroll of vulnerability {unknown}
 j - a scroll of noise {unknown}
 l - a scroll of amnesia {unknown}
 m - 2 scrolls of acquirement {unknown}
Potions
 d - 2 potions of might
 n - a potion of curing {unknown}


   Skills:
 + Level 3.1 Fighting
 * Level 2.8 Long Blades
 + Level 4.1 Armour
 + Level 3.7 Shields


You had 2 spell levels left.
You didn't know any spells.
Your spell library was empty.

Dungeon Overview and Level Annotations

Branches:
Dungeon (3/15)

Altars:
Vehumet


Innate Abilities, Weirdness & Mutations

You are completely covered in rugged brown scales. (AC +3, +7% HP)
Armour fits poorly on your strangely shaped body.
You have a long armoured tail.
You roll when moving toward enemies. (Rampage)
Your long tongue fully drains potion bottles. (2x potion effects)
Your tongue gives you trouble enunciating. (1.5x scroll delay)


Message History

A kobold comes into view. It is wielding a +0 whip.
The kobold throws a stone.
You block the stone.
An orc priest and an orc wizard come into view.
The orc priest shouts!
The orc wizard shouts!
You hear a shout!
The orc wizard moves out of view.
You hear a shout!
An orc comes into view. It is wielding a +0 flail.
An orc comes into view. It is wielding a +0 whip.
The orc shouts! x2
The orc priest calls down the wrath of Beogh upon you.
Pain shoots through your body!
You roll towards the kobold!
Found a fuming golden potion.
An orc comes into view.
It is wielding a +0 trident and wearing a +0 leather armour of cold resistance.
The kobold closely misses you.
You hit the kobold.
You kill the kobold!
The orc wizard mumbles some strange words.
The orc wizard flickers and vanishes for a moment.
You slash the orc priest!
Your tail-slap misses the orc priest.
The orc priest is heavily wounded.
The orc priest hits you but does no damage.
The orc hits you but does no damage.
The orc priest mumbles some strange prayers to Beogh against you.
Beogh smites you! The orc attacks as you move away!
The orc hits you but does no damage. The orc barely misses you.
The orc priest attacks as you move away!
The orc priest hits you with a +0 dagger.
The orc attacks as you move away! The orc hits you with a +0 flail.
The orc priest attacks as you move away!
The orc priest hits you but does no damage.
The orc priest attacks as you move away!
You block the orc priest's attack.
The orc priest attacks as you move away!
The orc priest hits you with a +0 dagger.
The orc priest attacks as you move away!
The orc priest hits you with a +0 dagger.
The orc priest calls down the wrath of Beogh upon you.
Beogh smites you!
You die...

######...####.#.# #
###.## #...# # #..#
#..## # ##.###..###
#########..##....#
...............#.#
########....####.#
########...## #.#
......#†....# #@#
#..)...##.# #.#
#......##.# #o#
#......##.# #o#
#..##..###.## #.#
#.#.........###.#
.....#####.#...oo####
..... #...#..o...##
..........##.........#


You could see an orc priest, an orc wizard (invisible) and 3 orcs.

Vanquished Creatures
  An adder (D:3)
  A worm (D:2)
  A dart slug (D:2)
  7 bats
  3 endoplasms
  A giant cockroach (D:2)
  8 goblins
  5 hobgoblins
  3 jackals (D:1)
  A quokka (D:2)
  4 ball pythons
  5 frilled lizards
  6 kobolds
  2 rats
48 creatures vanquished.

Notes
Turn   | Place    | Note
-------+----------+-------------------------------------------
     0 | D:1      | retardedninja the Armataur Fighter began the quest for the
                  | Orb.
     0 | D:1      | Reached XP level 1. HP: 19/19 MP: 1/1
   184 | D:1      | Reached XP level 2. HP: 25/26 MP: 2/2
   824 | D:2      | Found a radiant altar of Vehumet.
   946 | D:2      | Reached XP level 3. HP: 31/32 MP: 3/3
  1015 | D:2      | Reached skill level 4 in Armour
  1138 | D:2      | Found a faded altar of an unknown god.
  1168 | D:2      | Identified the +0 scale mail "Firgh" {Harm Will+ rCorr}
  1716 | D:3      | Killed from afar by an orc priest

Illustrated notes

Levels and vault maps discovered:
D:1:      co_arrival_random_square_maze, layout_basic, serial_glass,
          glass_columns_a, glass_columns_b, due_unseen_surprise
D:2:      layout_basic, shapermc_ecumenical_altar_starsandcircs, basic_altar,
          minmay_misc_feat_doors
D:3:      layout_rooms, grunt_temple_overflow_bloody_war, minitemple,
          small_statue_intersection

Skill      XL: |  1  2  3 |
---------------+----------+-----
Long Blades    | 2 |  2.8
Fighting       | 3 |  3.1
Armour         | 4 |  4.1
Shields        | |  3.7

Action                     || total
---------------------------++-------
  Melee: Long sword        ||   150
         Tailslap          ||    10
 Armour: Scale mail        ||   128
  Dodge: Dodged            ||    56
  Block: Buckler           ||    34

Table legend: (Time is in decaauts)
 A = Elapsed time spent in this place.
 B = Non-inter-level travel time spent in this place.
 C = Inter-level travel time spent in this place.
 D = Time resting spent in this place.
 E = Time spent auto-exploring this place.
 F = Levels seen in this place.
 G = Mean time per level.
                   A        B        C        D        E       F      G
               +--------+--------+--------+--------+--------+-----+--------+
         Total |   1762 |   1715 |     47 |      0 |   1339 |   3 |  587.3 |
       Dungeon |   1762 |   1715 |     47 |      0 |   1339 |   3 |  587.3 |
               +--------+--------+--------+--------+--------+-----+--------+

Top non-repeatable levels by time:
     D:1: 840 daAuts
     D:2: 727 daAuts
     D:3: 194 daAuts
